Avalanche vs Ducks

Created - October 9 2010 at 11:08

Goals
1 2 3 T
Avalanche 1 2 2 5
Ducks 1 0 2 3
Shots
1 2 3 T
Avalanche 8 11 10 29
Ducks 6 11 15 32

Period #1

1. Avalanche , Brian Gionta 1 (Joe Corvo) at 0:06
2. Ducks , Andy McDonald 1 (Richard Park, Nick Schultz) at 18:21

Penalties :
Kurtis Foster (ANA) for Hooking (Minor) at 2:12, Carl Gunnarsson (COL) for Interference (Minor) at 7:16, Jonathan Toews (ANA) for Holding Stick (Minor) at 8:54, Cam Barker (COL) for Hooking (Minor) at 19:43

Period #2

3. Avalanche , Troy Brouwer 1 (Kris Versteeg) at 9:05
4. Avalanche , Daniel Briere 1 (Vaclav Prospal, Mike Knuble) at 15:35 (PP)

Penalties :
Jonathan Toews (ANA) for Tripping (Minor) at 0:41, Kyle Quincey (COL) for Slashing (Minor) at 5:24, Dustin Byfuglien (ANA) for Cross-checking (Minor) at 15:01

Period #3

5. Ducks , Jonathan Toews 1 (Dustin Byfuglien, Bobby Ryan) at 2:48 (PP)
6. Avalanche , Daniel Briere 2 (Vaclav Prospal, Cam Barker) at 6:57
7. Ducks , Bobby Ryan 1 (Kurtis Foster, Jonathan Toews) at 18:55 (PP)
8. Avalanche , Daniel Briere 3 (Vaclav Prospal, Kevin Klein) at 19:11 (Empty Net)

Penalties :
T.J. Galiardi (COL) for Tripping (Minor) at 2:25, Kyle Quincey (COL) for Tripping (Minor) at 13:19, David Clarkson (ANA) for Cross-checking (Minor) at 13:29, Cam Barker (COL) for Hooking (Minor) at 17:17

Goalie Stats

Steve Mason (COL), 29 saves from 32 shots - (0.906), W, 1-0-0, 60:00 minutes
Jonas Hiller (ANA), 24 saves from 28 shots - (0.857), L, 0-1-0, 59:50 minutes

Players Stats

Avalanche
Player Name              G  A  P  +/- PIM S  H  SB FO    MP 
------------------------------------------------------------
Brian Gionta             1  0  1   1  0   7  0  0  1/4   17 
Cam Barker               0  1  1   2  4   0  4  1  0/0   19 
Carl Gunnarsson          0  0  0   0  2   1  3  2  0/0   22 
Daniel Briere            3  0  3   1  0   4  0  0  1/1   17 
Joe Corvo                0  1  1   1  0   0  0  0  0/0   18 
Kevin Klein              0  1  1   2  0   2  0  3  0/0   21 
Kris Versteeg            0  1  1   1  0   1  0  0  0/0   8  
Kyle Quincey             0  0  0   2  4   0  0  1  0/0   23 
Marcel Goc               0  0  0   1  0   0  0  0  9/15  10 
Mike Knuble              0  1  1   1  0   2  2  0  0/0   17 
Sheldon Souray           0  0  0   0  0   1  2  1  0/0   14 
T.J. Galiardi            0  0  0   1  2   0  0  0  2/4   15 
T.J. Oshie               0  0  0   0  0   3  2  0  2/2   15 
Tim Connolly             0  0  0   0  0   1  1  0  11/20 18 
Todd White               0  0  0   0  0   1  0  0  5/12  13 
Troy Brouwer             1  0  1   1  0   3  2  0  0/0   11 
Vaclav Prospal           0  3  3   1  0   1  1  1  15/24 17 
Wojtek Wolski            0  0  0   0  0   2  0  1  0/1   15 
Ducks
Player Name              G  A  P  +/- PIM S  H  SB FO    MP 
------------------------------------------------------------
Andy McDonald            1  0  1  -1  0   5  0  0  8/16  19 
Bobby Ryan               1  1  2  -2  0   2  1  0  0/2   18 
Bryan Little             0  0  0  -1  0   1  0  1  0/0   6  
Christian Hanson         0  0  0   0  0   0  2  0  2/9   8  
David Clarkson           0  0  0   0  2   2  1  1  1/2   18 
David Perron             0  0  0   0  0   1  2  0  0/2   13 
Dominic Moore            0  0  0  -1  0   2  0  0  0/1   11 
Dustin Byfuglien         0  1  1  -2  2   1  2  0  3/4   17 
Henrik Tallinder         0  0  0  -1  0   1  2  1  0/0   21 
Jakub Voracek            0  0  0   0  0   1  0  0  1/2   13 
Jonathan Toews           1  1  2  -2  4   7  0  0  13/25 17 
Kurtis Foster            0  1  1   0  2   1  2  1  0/0   17 
Manny Malhotra           0  0  0   0  0   2  0  0  7/17  15 
Marc-Edouard Vlasic      0  0  0  -2  0   1  2  2  0/0   21 
Nick Schultz             0  1  1   0  0   0  0  1  0/0   21 
Richard Park             0  1  1   0  0   0  0  1  2/3   20 
Rob Scuderi              0  0  0  -1  0   2  1  2  0/0   16 
Tom Poti                 0  0  0  -2  0   3  0  1  0/0   20 

3 Stars

1 - Daniel Briere (COL)
2 - Vaclav Prospal (COL)
3 - Troy Brouwer (COL)

Power Play

Avalanche - 1 on 5 Attempt(s) - 20.00%
Ducks - 2 on 6 Attempt(s) - 33.33%

Penalty Kill

Avalanche - 4 on 6 Attempt(s) - 66.67% - Score 0 goal in Penalty Kill
Ducks - 4 on 5 Attempt(s) - 80.00% - Score 0 goal in Penalty Kill

Game Notes

Daniel Briere has scored a Hat Trick!
Daniel Briere has scored in a empty net!

Finance

Level 1 -- Attendance: 5135 (79.00%) -- Ticket Income $513,500.00
Level 2 -- Attendance: 3507 (70.14%) -- Ticket Income $210,420.00
Level 3 -- Attendance: 2593 (74.09%) -- Ticket Income $90,755.00
Level 4 -- Attendance: 1174 (100.00%) -- Ticket Income $23,480.00
Luxury Box -- Attendance: 754 (75.40%) -- Ticket Income $150,800.00
Game was played at the Honda Center
Total Attendance: 13163 (76.64%)
Total Ticket Income: $1,003,689.00
Other Income: $208,133.10
Total Income: $1,211,822.00


Play by Play

Period #1

0:01 of 1st period - Brian Gionta wins face-off versus Jonathan Toews in neutral zone.
0:06 of 1st period - Shot by Brian Gionta.
0:06 of 1st period - Goal by Brian Gionta - Avalanche : 1 - Ducks : 0.
0:07 of 1st period - Andy McDonald wins face-off versus Vaclav Prospal in neutral zone.
0:13 of 1st period - Icing by Cam Barker.
0:14 of 1st period - Vaclav Prospal wins face-off versus Jonathan Toews in Avalanche zone.
0:43 of 1st period - Shot by Bobby Ryan.
0:43 of 1st period - Shot Misses the Net.
1:30 of 1st period - Shot by David Clarkson.
1:30 of 1st period - Stopped by Steve Mason without a rebound.
1:31 of 1st period - Manny Malhotra wins face-off versus Wojtek Wolski in Avalanche zone.
2:07 of 1st period - Todd White is hit by Kurtis Foster.
2:12 of 1st period - Minor Penalty to Kurtis Foster for Hooking.
2:13 of 1st period - Tim Connolly wins face-off versus Christian Hanson in Ducks zone.
2:16 of 1st period - Shot by Brian Gionta.
2:16 of 1st period - Shot Misses the Net.
2:20 of 1st period - Shot by Brian Gionta.
2:20 of 1st period - Shot Misses the Net.
2:22 of 1st period - Shot by Kyle Quincey.
2:22 of 1st period - Shot Blocked by Nick Schultz.
2:36 of 1st period - Shot by Brian Gionta.
2:36 of 1st period - Stopped by Jonas Hiller without a rebound.
2:37 of 1st period - Manny Malhotra wins face-off versus Vaclav Prospal in Ducks zone.
2:45 of 1st period - Off-side.
2:46 of 1st period - Vaclav Prospal wins face-off versus Manny Malhotra in neutral zone.
3:27 of 1st period - Icing by Joe Corvo.
3:28 of 1st period - Vaclav Prospal wins face-off versus Christian Hanson in Avalanche zone.
3:55 of 1st period - Shot by Kyle Quincey.
3:55 of 1st period - Shot Misses the Net.
3:57 of 1st period - Shot by Tim Connolly.
3:57 of 1st period - Shot Misses the Net.
3:59 of 1st period - Shot by Brian Gionta.
3:59 of 1st period - Stopped by Jonas Hiller without a rebound.
4:00 of 1st period - Tim Connolly wins face-off versus Jonathan Toews in Ducks zone.
4:07 of 1st period - Shot by Tim Connolly.
4:07 of 1st period - Shot Misses the Net.
4:09 of 1st period - Shot by Wojtek Wolski.
4:09 of 1st period - Shot Blocked by Tom Poti.
4:11 of 1st period - Shot by Cam Barker.
4:11 of 1st period - Shot Misses the Net.
4:13 of 1st period - Shot by Kevin Klein.
4:13 of 1st period - Shot Blocked by Kurtis Foster.
4:15 of 1st period - Shot by Kyle Quincey.
4:15 of 1st period - Deflect By Troy Brouwer.
4:15 of 1st period - Shot Misses the Net.
5:14 of 1st period - Carl Gunnarsson is hit by Dustin Byfuglien.
5:22 of 1st period - Icing by Marc-Edouard Vlasic.
5:23 of 1st period - Vaclav Prospal wins face-off versus Jonathan Toews in Ducks zone.
5:59 of 1st period - Icing by Henrik Tallinder.
6:00 of 1st period - Richard Park wins face-off versus Todd White in Ducks zone.
6:07 of 1st period - Shot by T.J. Oshie.
6:07 of 1st period - Shot Blocked by Henrik Tallinder.
6:45 of 1st period - Shot by Tim Connolly.
6:45 of 1st period - Shot Misses the Net.
6:57 of 1st period - Shot by Tim Connolly.
6:57 of 1st period - Stopped by Jonas Hiller without a rebound.
6:58 of 1st period - Vaclav Prospal wins face-off versus Manny Malhotra in Ducks zone.
7:05 of 1st period - Shot by Vaclav Prospal.
7:05 of 1st period - Shot Misses the Net.
7:16 of 1st period - Minor Penalty to Carl Gunnarsson for Interference.
7:17 of 1st period - Marcel Goc wins face-off versus Jonathan Toews in Avalanche zone.
7:40 of 1st period - Shot by Jonathan Toews.
7:40 of 1st period - Stopped by Steve Mason without a rebound.
7:41 of 1st period - Jonathan Toews wins face-off versus Marcel Goc in Avalanche zone.
7:42 of 1st period - Shot by Bobby Ryan.
7:42 of 1st period - Shot Misses the Net.
7:46 of 1st period - Shot by Dustin Byfuglien.
7:46 of 1st period - Shot Misses the Net.
8:54 of 1st period - Minor Penalty to Jonathan Toews for Holding Stick.
8:55 of 1st period - Tim Connolly wins face-off versus Dustin Byfuglien in Ducks zone.
9:24 of 1st period - Carl Gunnarsson is hit by Christian Hanson.
10:13 of 1st period - Shot by Brian Gionta.
10:13 of 1st period - Shot Misses the Net.
10:15 of 1st period - Shot by Brian Gionta.
10:15 of 1st period - Stopped by Jonas Hiller without a rebound.
10:16 of 1st period - Vaclav Prospal wins face-off versus Manny Malhotra in Ducks zone.
11:01 of 1st period - Shot by Todd White.
11:01 of 1st period - Shot Misses the Net.
11:17 of 1st period - T.J. Oshie is hit by David Perron and loses puck.
11:39 of 1st period - Icing by Sheldon Souray.
11:40 of 1st period - Todd White wins face-off versus Andy McDonald in Avalanche zone.
12:36 of 1st period - Brian Gionta is hit by Henrik Tallinder and loses puck.
12:47 of 1st period - Shot by Tim Connolly.
12:47 of 1st period - Shot Misses the Net.
13:21 of 1st period - Henrik Tallinder is hit by Vaclav Prospal and loses puck.
13:56 of 1st period - Jonathan Toews is hit by Troy Brouwer and loses puck.
15:57 of 1st period - Vaclav Prospal is hit by Bobby Ryan and loses puck.
16:01 of 1st period - Icing by Jonathan Toews.
16:02 of 1st period - T.J. Oshie wins face-off versus Christian Hanson in Ducks zone.
16:38 of 1st period - David Perron is hit by Sheldon Souray and loses puck.
17:19 of 1st period - Shot by Bryan Little.
17:19 of 1st period - Shot Misses the Net.
17:33 of 1st period - Shot by Tim Connolly.
17:33 of 1st period - Shot Blocked by Bryan Little.
17:53 of 1st period - Shot by Carl Gunnarsson.
17:53 of 1st period - Stopped by Jonas Hiller without a rebound.
17:54 of 1st period - Vaclav Prospal wins face-off versus Andy McDonald in Ducks zone.
18:05 of 1st period - Shot by Tim Connolly.
18:05 of 1st period - Shot Blocked by David Clarkson.
18:15 of 1st period - Shot by Andy McDonald.
18:15 of 1st period - Shot Misses the Net.
18:19 of 1st period - Shot by Richard Park.
18:19 of 1st period - Shot Blocked by Carl Gunnarsson.
18:21 of 1st period - Shot by Andy McDonald.
18:21 of 1st period - Goal by Andy McDonald - Avalanche : 1 - Ducks : 1.
18:22 of 1st period - Marcel Goc wins face-off versus David Perron in neutral zone.
18:25 of 1st period - Jakub Voracek is hit by Troy Brouwer and loses puck.
18:40 of 1st period - Shot by Troy Brouwer.
18:40 of 1st period - Stopped by Jonas Hiller without a rebound.
18:41 of 1st period - Andy McDonald wins face-off versus Todd White in Ducks zone.
18:41 of 1st period - Andy McDonald is hit by T.J. Oshie.
18:59 of 1st period - Shot by T.J. Oshie.
18:59 of 1st period - Stopped by Jonas Hiller without a rebound.
19:00 of 1st period - Vaclav Prospal wins face-off versus Jonathan Toews in Ducks zone.
19:13 of 1st period - Shot by Dustin Byfuglien.
19:13 of 1st period - Stopped by Steve Mason without a rebound.
19:14 of 1st period - Manny Malhotra wins face-off versus Tim Connolly in Avalanche zone.
19:32 of 1st period - Off-side.
19:33 of 1st period - Jonathan Toews wins face-off versus Vaclav Prospal in neutral zone.
19:38 of 1st period - Shot by Bobby Ryan.
19:38 of 1st period - Shot Misses the Net.
19:40 of 1st period - Shot by Marc-Edouard Vlasic.
19:40 of 1st period - Shot Misses the Net.
19:43 of 1st period - Minor Penalty to Cam Barker for Hooking.
19:44 of 1st period - Marcel Goc wins face-off versus Andy McDonald in Avalanche zone.
19:57 of 1st period - Shot by David Clarkson.
19:57 of 1st period - Stopped by Steve Mason with a rebound.
19:59 of 1st period - Shot by Tom Poti.
19:59 of 1st period - Stopped by Steve Mason without a rebound.

Period #2

0:01 of 2nd period - Jonathan Toews wins face-off versus T.J. Galiardi in neutral zone.
0:41 of 2nd period - Minor Penalty to Jonathan Toews for Tripping.
0:42 of 2nd period - Dustin Byfuglien wins face-off versus Tim Connolly in Ducks zone.
0:57 of 2nd period - Shot by Andy McDonald.
0:57 of 2nd period - Shot Misses the Net.
2:54 of 2nd period - Shot by Marcel Goc.
2:54 of 2nd period - Shot Misses the Net.
2:56 of 2nd period - Shot by Troy Brouwer.
2:56 of 2nd period - Shot Blocked by Rob Scuderi.
2:58 of 2nd period - Shot by Kevin Klein.
2:58 of 2nd period - Shot Misses the Net.
3:00 of 2nd period - Shot by Kevin Klein.
3:00 of 2nd period - Stopped by Jonas Hiller without a rebound.
3:01 of 2nd period - T.J. Oshie wins face-off versus Bobby Ryan in Ducks zone.
3:08 of 2nd period - Shot by Todd White.
3:08 of 2nd period - Stopped by Jonas Hiller without a rebound.
3:09 of 2nd period - Jonathan Toews wins face-off versus Todd White in Ducks zone.
3:38 of 2nd period - Shot by Jonathan Toews.
3:38 of 2nd period - Shot Blocked by Wojtek Wolski.
4:00 of 2nd period - Shot by David Perron.
4:00 of 2nd period - Shot Blocked by Sheldon Souray.
5:11 of 2nd period - Shot by Andy McDonald.
5:11 of 2nd period - Shot Misses the Net.
5:13 of 2nd period - Shot by Henrik Tallinder.
5:13 of 2nd period - Stopped by Steve Mason with a rebound.
5:24 of 2nd period - Minor Penalty to Kyle Quincey for Slashing.
5:25 of 2nd period - Jonathan Toews wins face-off versus Marcel Goc in Avalanche zone.
5:45 of 2nd period - Shot by Tom Poti.
5:45 of 2nd period - Stopped by Steve Mason with a rebound.
5:49 of 2nd period - Shot by Dustin Byfuglien.
5:49 of 2nd period - Shot Misses the Net.
5:51 of 2nd period - Shot by Bobby Ryan.
5:51 of 2nd period - Shot Misses the Net.
7:05 of 2nd period - Shot by Jonathan Toews.
7:05 of 2nd period - Deflect By Bobby Ryan.
7:05 of 2nd period - Shot Misses the Net.
7:07 of 2nd period - Shot by Rob Scuderi.
7:07 of 2nd period - Shot Misses the Net.
7:09 of 2nd period - Shot by Rob Scuderi.
7:09 of 2nd period - Stopped by Steve Mason without a rebound.
7:10 of 2nd period - Marcel Goc wins face-off versus Richard Park in Avalanche zone.
7:30 of 2nd period - Brian Gionta is hit by Rob Scuderi and loses puck.
7:47 of 2nd period - Kyle Quincey is hit by David Perron and loses puck.
9:05 of 2nd period - Shot by Troy Brouwer.
9:05 of 2nd period - Goal by Troy Brouwer - Avalanche : 2 - Ducks : 1.
9:06 of 2nd period - Marcel Goc wins face-off versus Jonathan Toews in neutral zone.
9:35 of 2nd period - Shot by Jonathan Toews.
9:35 of 2nd period - Stopped by Steve Mason without a rebound.
9:36 of 2nd period - Manny Malhotra wins face-off versus Tim Connolly in Avalanche zone.
9:47 of 2nd period - Icing by Rob Scuderi.
9:48 of 2nd period - Vaclav Prospal wins face-off versus Manny Malhotra in Ducks zone.
10:26 of 2nd period - Shot by Andy McDonald.
10:26 of 2nd period - Stopped by Steve Mason without a rebound.
10:27 of 2nd period - Jonathan Toews wins face-off versus Tim Connolly in Avalanche zone.
10:34 of 2nd period - Shot by Bobby Ryan.
10:34 of 2nd period - Deflect By Jonathan Toews.
10:34 of 2nd period - Stopped by Steve Mason without a rebound.
10:35 of 2nd period - Todd White wins face-off versus Andy McDonald in Avalanche zone.
10:54 of 2nd period - Shot by David Clarkson.
10:54 of 2nd period - Shot Blocked by Kevin Klein.
11:28 of 2nd period - Jonathan Toews is hit by Sheldon Souray and loses puck.
11:31 of 2nd period - Shot by Tom Poti.
11:31 of 2nd period - Deflect By Dustin Byfuglien.
11:31 of 2nd period - Shot Misses the Net.
11:33 of 2nd period - Shot by Tom Poti.
11:33 of 2nd period - Stopped by Steve Mason without a rebound.
11:34 of 2nd period - Manny Malhotra wins face-off versus Tim Connolly in Avalanche zone.
11:37 of 2nd period - Shot by David Perron.
11:37 of 2nd period - Shot Blocked by Kyle Quincey.
12:44 of 2nd period - Shot by Vaclav Prospal.
12:44 of 2nd period - Deflect By Daniel Briere.
12:44 of 2nd period - Shot Blocked by Rob Scuderi.
12:48 of 2nd period - Shot by Daniel Briere.
12:48 of 2nd period - Stopped by Jonas Hiller without a rebound.
12:49 of 2nd period - Marcel Goc wins face-off versus Jonathan Toews in Ducks zone.
13:04 of 2nd period - Shot by Troy Brouwer.
13:04 of 2nd period - Stopped by Jonas Hiller without a rebound.
13:05 of 2nd period - Vaclav Prospal wins face-off versus Andy McDonald in Ducks zone.
13:10 of 2nd period - Shot by Mike Knuble.
13:10 of 2nd period - Stopped by Jonas Hiller without a rebound.
13:11 of 2nd period - Christian Hanson wins face-off versus Todd White in Ducks zone.
13:32 of 2nd period - Shot by Dominic Moore.
13:32 of 2nd period - Stopped by Steve Mason without a rebound.
13:33 of 2nd period - Vaclav Prospal wins face-off versus Andy McDonald in Avalanche zone.
13:40 of 2nd period - Shot by Andy McDonald.
13:40 of 2nd period - Stopped by Steve Mason with a rebound.
13:44 of 2nd period - Shot by Andy McDonald.
13:44 of 2nd period - Shot Blocked by Cam Barker.
13:48 of 2nd period - Shot by Andy McDonald.
13:48 of 2nd period - Deflect By Richard Park.
13:48 of 2nd period - Shot Misses the Net.
14:07 of 2nd period - Cam Barker is hit by Henrik Tallinder and loses puck.
15:01 of 2nd period - Minor Penalty to Dustin Byfuglien for Cross-checking.
15:02 of 2nd period - Tim Connolly wins face-off versus Christian Hanson in Ducks zone.
15:21 of 2nd period - Shot by Brian Gionta.
15:21 of 2nd period - Stopped by Jonas Hiller without a rebound.
15:22 of 2nd period - Vaclav Prospal wins face-off versus Manny Malhotra in Ducks zone.
15:25 of 2nd period - Shot by Carl Gunnarsson.
15:25 of 2nd period - Shot Blocked by Marc-Edouard Vlasic.
15:27 of 2nd period - Shot by Joe Corvo.
15:27 of 2nd period - Shot Misses the Net.
15:29 of 2nd period - Shot by Mike Knuble.
15:29 of 2nd period - Shot Blocked by Marc-Edouard Vlasic.
15:33 of 2nd period - Shot by Vaclav Prospal.
15:33 of 2nd period - Shot Misses the Net.
15:35 of 2nd period - Shot by Daniel Briere.
15:35 of 2nd period - Goal by Daniel Briere - Avalanche : 3 - Ducks : 1.
15:36 of 2nd period - Todd White wins face-off versus Manny Malhotra in neutral zone.
15:40 of 2nd period - Shot by Kevin Klein.
15:40 of 2nd period - Stopped by Jonas Hiller without a rebound.
15:41 of 2nd period - Todd White wins face-off versus Jakub Voracek in Ducks zone.
15:48 of 2nd period - Shot by Sheldon Souray.
15:48 of 2nd period - Stopped by Jonas Hiller with a rebound.
15:53 of 2nd period - Icing by Kurtis Foster.
15:54 of 2nd period - Manny Malhotra wins face-off versus Marcel Goc in Ducks zone.
16:10 of 2nd period - Shot by Manny Malhotra.
16:10 of 2nd period - Stopped by Steve Mason without a rebound.
16:11 of 2nd period - Andy McDonald wins face-off versus Todd White in Avalanche zone.
16:49 of 2nd period - Shot by Andy McDonald.
16:49 of 2nd period - Shot Misses the Net.
17:17 of 2nd period - Andy McDonald is hit by Cam Barker and loses puck.
17:45 of 2nd period - Shot by Vaclav Prospal.
17:45 of 2nd period - Stopped by Jonas Hiller with a rebound.
18:20 of 2nd period - Tim Connolly is hit by Marc-Edouard Vlasic and loses puck.
19:39 of 2nd period - Jakub Voracek is hit by Carl Gunnarsson.
19:53 of 2nd period - Shot by Dominic Moore.
19:53 of 2nd period - Stopped by Steve Mason without a rebound.
19:54 of 2nd period - Tim Connolly wins face-off versus Dominic Moore in Avalanche zone.
19:54 of 2nd period - Tim Connolly is hit by Christian Hanson.

Period #3

0:01 of 3rd period - Tim Connolly wins face-off versus Jonathan Toews in neutral zone.
0:47 of 3rd period - Off-side.
0:48 of 3rd period - Andy McDonald wins face-off versus Vaclav Prospal in neutral zone.
0:48 of 3rd period - Andy McDonald is hit by Mike Knuble.
1:51 of 3rd period - Shot by Kevin Klein.
1:51 of 3rd period - Shot Misses the Net.
1:55 of 3rd period - Shot by Wojtek Wolski.
1:55 of 3rd period - Shot Misses the Net.
2:14 of 3rd period - Shot by Todd White.
2:14 of 3rd period - Deflect By Wojtek Wolski.
2:14 of 3rd period - Shot Misses the Net.
2:16 of 3rd period - Shot by Wojtek Wolski.
2:16 of 3rd period - Stopped by Jonas Hiller without a rebound.
2:17 of 3rd period - T.J. Galiardi wins face-off versus Manny Malhotra in Ducks zone.
2:25 of 3rd period - Minor Penalty to T.J. Galiardi for Tripping.
2:26 of 3rd period - Dustin Byfuglien wins face-off versus Brian Gionta in Avalanche zone.
2:29 of 3rd period - Shot by Marc-Edouard Vlasic.
2:29 of 3rd period - Stopped by Steve Mason without a rebound.
2:30 of 3rd period - Jonathan Toews wins face-off versus Brian Gionta in Avalanche zone.
2:42 of 3rd period - Shot by Bobby Ryan.
2:42 of 3rd period - Shot Blocked by Kevin Klein.
2:44 of 3rd period - Shot by Bobby Ryan.
2:44 of 3rd period - Shot Misses the Net.
2:46 of 3rd period - Shot by Dustin Byfuglien.
2:46 of 3rd period - Shot Misses the Net.
2:48 of 3rd period - Shot by Jonathan Toews.
2:48 of 3rd period - Goal by Jonathan Toews - Avalanche : 3 - Ducks : 2.
2:49 of 3rd period - Daniel Briere wins face-off versus Christian Hanson in neutral zone.
3:49 of 3rd period - Shot by Manny Malhotra.
3:49 of 3rd period - Deflect By David Perron.
3:49 of 3rd period - Stopped by Steve Mason without a rebound.
3:50 of 3rd period - Tim Connolly wins face-off versus David Perron in Avalanche zone.
5:09 of 3rd period - Shot by Todd White.
5:09 of 3rd period - Shot Misses the Net.
5:11 of 3rd period - Shot by T.J. Oshie.
5:11 of 3rd period - Stopped by Jonas Hiller without a rebound.
5:12 of 3rd period - Jonathan Toews wins face-off versus Marcel Goc in Ducks zone.
5:19 of 3rd period - Shot by Kris Versteeg.
5:19 of 3rd period - Stopped by Jonas Hiller without a rebound.
5:20 of 3rd period - Christian Hanson wins face-off versus Vaclav Prospal in Ducks zone.
5:20 of 3rd period - Christian Hanson is hit by Mike Knuble.
5:33 of 3rd period - Bryan Little is hit by Cam Barker and loses puck.
5:38 of 3rd period - Shot by Bryan Little.
5:38 of 3rd period - Stopped by Steve Mason without a rebound.
5:39 of 3rd period - Manny Malhotra wins face-off versus Marcel Goc in Avalanche zone.
5:46 of 3rd period - Shot by David Perron.
5:46 of 3rd period - Shot Misses the Net.
5:53 of 3rd period - Troy Brouwer is hit by Kurtis Foster and loses puck.
6:57 of 3rd period - Shot by Daniel Briere.
6:57 of 3rd period - Goal by Daniel Briere - Avalanche : 4 - Ducks : 2.
6:58 of 3rd period - Tim Connolly wins face-off versus Andy McDonald in neutral zone.
7:01 of 3rd period - Shot by Brian Gionta.
7:01 of 3rd period - Shot Misses the Net.
7:33 of 3rd period - Icing by T.J. Galiardi.
7:34 of 3rd period - Jakub Voracek wins face-off versus Tim Connolly in Avalanche zone.
7:56 of 3rd period - Icing by Manny Malhotra.
7:57 of 3rd period - Vaclav Prospal wins face-off versus Manny Malhotra in Ducks zone.
8:10 of 3rd period - Shot by Manny Malhotra.
8:10 of 3rd period - Stopped by Steve Mason without a rebound.
8:11 of 3rd period - Todd White wins face-off versus Jonathan Toews in Avalanche zone.
8:26 of 3rd period - Shot by T.J. Oshie.
8:26 of 3rd period - Stopped by Jonas Hiller without a rebound.
8:27 of 3rd period - Richard Park wins face-off versus Vaclav Prospal in Ducks zone.
8:43 of 3rd period - Shot by Vaclav Prospal.
8:43 of 3rd period - Shot Misses the Net.
8:51 of 3rd period - Shot by Daniel Briere.
8:51 of 3rd period - Shot Blocked by Richard Park.
9:17 of 3rd period - Shot by Brian Gionta.
9:17 of 3rd period - Stopped by Jonas Hiller without a rebound.
9:18 of 3rd period - Jonathan Toews wins face-off versus Todd White in Ducks zone.
9:18 of 3rd period - Jonathan Toews is hit by T.J. Oshie.
9:26 of 3rd period - Shot by Wojtek Wolski.
9:26 of 3rd period - Shot Misses the Net.
9:34 of 3rd period - Shot by Jonathan Toews.
9:34 of 3rd period - Stopped by Steve Mason without a rebound.
9:35 of 3rd period - Tim Connolly wins face-off versus Manny Malhotra in Avalanche zone.
9:48 of 3rd period - Shot by Brian Gionta.
9:48 of 3rd period - Stopped by Jonas Hiller without a rebound.
9:49 of 3rd period - Marcel Goc wins face-off versus Christian Hanson in Ducks zone.
10:12 of 3rd period - Shot by Kris Versteeg.
10:12 of 3rd period - Shot Misses the Net.
10:15 of 3rd period - Icing by Tom Poti.
10:16 of 3rd period - Vaclav Prospal wins face-off versus Christian Hanson in Ducks zone.
10:47 of 3rd period - Jakub Voracek is hit by Cam Barker and loses puck.
10:50 of 3rd period - Shot by Kurtis Foster.
10:50 of 3rd period - Stopped by Steve Mason without a rebound.
10:51 of 3rd period - Andy McDonald wins face-off versus Tim Connolly in Avalanche zone.
11:56 of 3rd period - Shot by Jakub Voracek.
11:56 of 3rd period - Stopped by Steve Mason without a rebound.
11:57 of 3rd period - Vaclav Prospal wins face-off versus Bobby Ryan in Avalanche zone.
11:57 of 3rd period - Vaclav Prospal is hit by Dustin Byfuglien.
12:07 of 3rd period - Shot by Mike Knuble.
12:07 of 3rd period - Stopped by Jonas Hiller without a rebound.
12:08 of 3rd period - Marcel Goc wins face-off versus Manny Malhotra in Ducks zone.
12:42 of 3rd period - Icing by Troy Brouwer.
12:43 of 3rd period - Jonathan Toews wins face-off versus Marcel Goc in Avalanche zone.
13:19 of 3rd period - Minor Penalty to Kyle Quincey for Tripping.
13:20 of 3rd period - Andy McDonald wins face-off versus Brian Gionta in Avalanche zone.
13:20 of 3rd period - David Clarkson is hit by Carl Gunnarsson.
13:23 of 3rd period - Richard Park is hit by Carl Gunnarsson and loses puck.
13:29 of 3rd period - Minor Penalty to David Clarkson for Cross-checking.
13:30 of 3rd period - Tim Connolly wins face-off versus Jonathan Toews in Ducks zone.
13:48 of 3rd period - Shot by Jonathan Toews.
13:48 of 3rd period - Deflect By Bobby Ryan.
13:48 of 3rd period - Shot Misses the Net.
13:52 of 3rd period - Shot by Bobby Ryan.
13:52 of 3rd period - Shot Misses the Net.
13:54 of 3rd period - Shot by Jonathan Toews.
13:54 of 3rd period - Stopped by Steve Mason without a rebound.
13:55 of 3rd period - Dustin Byfuglien wins face-off versus Vaclav Prospal in Avalanche zone.
14:18 of 3rd period - Shot by Andy McDonald.
14:18 of 3rd period - Shot Misses the Net.
14:20 of 3rd period - Shot by Dustin Byfuglien.
14:20 of 3rd period - Shot Misses the Net.
14:22 of 3rd period - Shot by Tom Poti.
14:22 of 3rd period - Shot Blocked by Vaclav Prospal.
14:24 of 3rd period - Shot by Andy McDonald.
14:24 of 3rd period - Stopped by Steve Mason without a rebound.
14:25 of 3rd period - Tim Connolly wins face-off versus Jonathan Toews in Avalanche zone.
15:53 of 3rd period - Shot by Andy McDonald.
15:53 of 3rd period - Stopped by Steve Mason without a rebound.
15:54 of 3rd period - David Clarkson wins face-off versus Todd White in Avalanche zone.
16:05 of 3rd period - Shot by Dustin Byfuglien.
16:05 of 3rd period - Deflect By David Clarkson.
16:05 of 3rd period - Shot Blocked by Kevin Klein.
16:27 of 3rd period - Shot by T.J. Oshie.
16:27 of 3rd period - Deflect By Wojtek Wolski.
16:27 of 3rd period - Stopped by Jonas Hiller without a rebound.
16:28 of 3rd period - Jonathan Toews wins face-off versus Tim Connolly in Ducks zone.
16:28 of 3rd period - Jonathan Toews is hit by Tim Connolly.
16:54 of 3rd period - Tim Connolly is hit by Marc-Edouard Vlasic.
17:14 of 3rd period - Off-side.
17:15 of 3rd period - Andy McDonald wins face-off versus Vaclav Prospal in neutral zone.
17:17 of 3rd period - Minor Penalty to Cam Barker for Hooking.
17:18 of 3rd period - T.J. Galiardi wins face-off versus David Clarkson in Avalanche zone.
17:29 of 3rd period - Shot by David Clarkson.
17:29 of 3rd period - Shot Blocked by Carl Gunnarsson.
17:31 of 3rd period - Shot by Richard Park.
17:31 of 3rd period - Shot Misses the Net.
17:33 of 3rd period - Shot by Rob Scuderi.
17:33 of 3rd period - Stopped by Steve Mason without a rebound.
17:34 of 3rd period - Jonathan Toews wins face-off versus T.J. Galiardi in Avalanche zone.
17:47 of 3rd period - Shot by Jonathan Toews.
17:47 of 3rd period - Stopped by Steve Mason without a rebound.
17:48 of 3rd period - Marcel Goc wins face-off versus Andy McDonald in Avalanche zone.
17:48 of 3rd period - Marcel Goc is hit by David Clarkson.
18:14 of 3rd period - Shot by Richard Park.
18:14 of 3rd period - Shot Misses the Net.
18:53 of 3rd period - Shot by Bobby Ryan.
18:53 of 3rd period - Stopped by Steve Mason with a rebound.
18:55 of 3rd period - Shot by Bobby Ryan.
18:55 of 3rd period - Goal by Bobby Ryan - Avalanche : 4 - Ducks : 3.
18:56 of 3rd period - Andy McDonald wins face-off versus Vaclav Prospal in neutral zone.
19:01 of 3rd period - Ducks, Jonas Hiller is pulled from the net.
19:04 of 3rd period - Andy McDonald is hit by Cam Barker and loses puck.
19:11 of 3rd period - Shot by Daniel Briere.
19:11 of 3rd period - Goal by Daniel Briere - Avalanche : 5 - Ducks : 3.
19:11 of 3rd period - Jonas Hiller from Ducks was sent back in the game.
19:12 of 3rd period - Jonathan Toews wins face-off versus Tim Connolly in neutral zone.


Output by the SimonT Hockey Simulator (STHS) for Stephane Roy -- Original Page W3C XHTML 1.0 Valid